 Dungeon Crawl Stone Soup version 0.22.0-60-ga52c2fc (webtiles) character file.

68 Ektor the Chopper (level 4, -2/37 HPs)
             Began as a Barachi Berserker on Sept 9, 2018.
             Was a Believer of Trog.
             Killed from afar by Sigmund (7 damage)
             ... with a puff of flame
             ... on level 2 of the Dungeon.
             The game lasted 00:30:07 (2127 turns).

Ektor the Chopper (Barachi Berserker)               Turns: 2127, Time: 00:30:08

Health: -2/37      AC:  6    Str: 19    XL:     4   Next: 19%
Magic:  4/4        EV: 11    Int:  7    God:    Trog [**....]
Gold:   81         SH:  0    Dex: 12    Spells: 3/3 levels left

rFire    . . .     SeeInvis .   a - +1 hand axe
rCold    . . .     Gourm    .   (no shield)
rNeg     . . .     Faith    .   d - +0 scale mail
rPois    .         Spirit   .   (no helmet)
rElec    .         Reflect  .   (no cloak)
rCorr    .         Harm     .   (no gloves)
MR       .....                  (no boots)
Stlth    ..........             (no amulet)
HPRegen  0.12/turn              (no ring)
MPRegen  0.09/turn              (no ring)

@: slow
A: +LOS, swims, slowness 1, strong legs 1
a: Hop, Berserk, Trog's Hand, Renounce Religion


You were on level 2 of the Dungeon.
You worshipped Trog.
Trog was pleased with you.
You were hungry.

You visited 1 branch of the dungeon, and saw 2 of its levels.

You collected 81 gold pieces.

Inventory:

Hand Weapons
 a - a +1 hand axe (weapon)
Armour
 b - a +0 animal skin
 d - a +0 scale mail (worn)
Jewellery
 g - an uncursed amulet of rage {unknown}
Scrolls
 e - a scroll of remove curse
Potions
 h - a potion of curing {unknown}
Comestibles
 c - 3 rations


   Skills:
 + Level 4.1 Fighting
 + Level 4.3 Axes
 + Level 3.2 Armour
 + Level 2.7 Dodging


You had 3 spell levels left.
You didn't know any spells.
Your spell library was empty.

Dungeon Overview and Level Annotations

Branches:
Dungeon (2/15)

Altars:

Annotations:
D:2 Sigmund


Innate Abilities, Weirdness & Mutations

Shadows flee at your approach. (+LOS)
You can swim through water.
You cover ground slowly.
You can hop short distances.


Message History

You closely miss Sigmund.
Sigmund is severely wounded.
You hit Sigmund.
Sigmund is severely wounded.
Sigmund barely misses you.
You closely miss Sigmund.
Sigmund is severely wounded.
Sigmund barely misses you.
You barely miss Sigmund.
Sigmund is severely wounded.
Sigmund mumbles some strange words.
Sigmund flickers and vanishes!
You closely miss something. Something hits you!
* * * LOW HITPOINT WARNING * * *
Something hits you but does no damage.
You hear some strange, mumbled words.
Something tries to affect you, but you resist.
A puff of flame appears from out of thin air!
The puff of flame hits you!
You die...

#...................#.#.........
#...................#.#.........
#####.#...............#........|
#......#####.##.###.........
###....# #.##..)..........
#....#####.#####..........
#....#.......>.#..........
######..<.#.........#..........
#.............@......##########
#.###.....#..........'.#
##...#.....).######...#.#####
#......###'#### #..........#
#.............# ##..........#
#.....###.....# #...........#
#.....# #.....###.#.........####
#...<.###......##.#.............
#.....#........#.##.........###.


There were no monsters in sight!

Vanquished Creatures
  An adder (D:2)
  A gnoll (D:1)
  A worm (D:2)
  A dart slug (D:2)
  4 giant cockroaches
  5 goblins
  6 hobgoblins
  2 jackals (D:1)
  3 kobolds (D:1)
  A quokka (D:2)
  2 ball pythons (D:1)
  5 bats
  A frilled lizard (D:1)
  12 rats
45 creatures vanquished.

Notes
Turn   | Place    | Note
-------+----------+-------------------------------------------
     0 | D:1      | Ektor the Barachi Berserker began the quest for the Orb.
     0 | D:1      | Reached XP level 1. HP: 18/18 MP: 1/1
   284 | D:1      | Reached XP level 2. HP: 5/25 MP: 2/2
   989 | D:1      | Reached XP level 3. HP: 29/30 MP: 3/3
  1051 | D:1      | Reached ** piety under Trog
  1635 | D:2      | Reached XP level 4. HP: 37/37 MP: 4/4
  1831 | D:2      | Noticed Sigmund
  2076 | D:2      | Found a faded altar of an unknown god.
  2127 | D:2      | Killed from afar by Sigmund

Skill      XL: |  1  2  3 |
---------------+----------+-----
Fighting       | 4 |  4.1
Axes           | 4 |  4.3
Armour         | 3 |  3.2
Dodging        | |  2.7

Action                   |  1- 3 |  4- 6 || total
-------------------------+-------+-------++-------
Melee: Hand axe          |   123 |    36 ||   159
Throw: Tomahawk          |       |     2 ||     2
 Abil: Hop               |     1 |       ||     1
  Use: Scroll            |     7 |       ||     7
       Potion            |     5 |       ||     5
  Eat: Chunk             |     3 |     1 ||     4
Armor: Animal skin       |     5 |       ||     5
       Scale mail        |    26 |    13 ||    39
       Ring mail         |     4 |       ||     4
Dodge: Dodged            |    80 |    24 ||   104
